 Dungeon Crawl Stone Soup version 0.24.0-123-gd5b16e6ec5 (webtiles) character file.

Game seed: 2807869161190781872, levelgen mode: deterministic

57011 Sery3mCrawl the Thaumaturge (level 14, 0/108 HPs)
             Began as a Gnoll Wizard on Jan 13, 2020.
             Was the Champion of Okawaru.
             Slain by a shock serpent (3 damage)
             ... on level 1 of the Snake Pit on Jan 15, 2020.
             The game lasted 01:59:12 (26414 turns).

Sery3mCrawl the Thaumaturge (Gnoll Wizard)         Turns: 26414, Time: 01:59:13

Health: 0/108      AC: 17    Str: 16    XL:     14   Next: 84%
Magic:  29/29      EV: 19    Int: 23    God:    Okawaru [******]
Gold:   1204       SH:  3    Dex: 19    Spells: 1/36 levels left

rFire    + . .     SeeInvis +   b - +2 hunting sling (velocity)
rCold    . . .     Gourm    .   (no shield)
rNeg     . . .     Faith    .   F - +3 ring mail of Grace {rElec rF+ Dex+2 Slay+5}
rPois    +         Spirit   .   O - +2 helmet {SInv}
rElec    +         Reflect  +   P - scarf {repulsion}
rCorr    .         Harm     .   t - +0 pair of gloves
MR       +....                  e - +1 pair of boots
Stlth    +++.......             s - +3 amulet of reflection
HPRegen  0.28/turn              h - ring of poison resistance
MPRegen  0.21/turn              B - ring of Karhi {Wiz Str+3 Dex+4 Stlth-}

@: repel missiles
A: distributed training, fangs 1, strong nose
a: Heroism, Finesse, Renounce Religion


You were on level 1 of the Snake Pit.
You worshipped Okawaru.
Okawaru was exalted by your worship.
You were not hungry.

You visited 5 branches of the dungeon, and saw 21 of its levels.
You also visited: Sewer.

You collected 1654 gold pieces.
You spent 450 gold pieces at shops.

Inventory:

Hand Weapons
 a - the +9 dagger of Red Wine {pierce, Int+7}
   (You found it on level 4 of the Dungeon)

   It inflicts extra damage upon your enemies.
   It affects your intelligence (+7).
 b - a +2 hunting sling of velocity (weapon)
 L - the +4 long sword "Fyuta" {flame, *Rage MR++ Int+4}
   (You found it on level 8 of the Dungeon)

   It has been specially enchanted to burn those struck by it, causing extra
   injury to most foes and up to half again as much damage against particularly
   susceptible opponents.
   Big, fiery blades are also staple armaments of hydra-hunters.
   It affects your intelligence (+4).
   It affects your resistance to hostile enchantments.
   It may make you go berserk in combat.
Missiles
 i - 506 stones (quivered)
 y - 145 sling bullets
Armour
 e - a +1 pair of boots (worn)
 t - a +0 pair of gloves (worn)
 F - the +3 ring mail of Grace (worn) {rElec rF+ Dex+2 Slay+5}
   (You found it on level 6 of the Dungeon)

   It affects your dexterity (+2).
   It affects your accuracy and damage with ranged weapons and melee attacks
   (+5).
   It protects you from fire.
   It insulates you from electricity.
 N - a +1 cloak of poison resistance
 O - a +2 helmet of see invisible (worn)
 P - a scarf of repulsion (worn)
Jewellery
 h - a ring of poison resistance (left hand)
 s - a +3 amulet of reflection (around neck)
 A - an uncursed ring of positive energy
 B - the ring of Karhi (right hand) {Wiz Str+3 Dex+4 Stlth-}
   (You found it on level 5 of the Dungeon)

   [ring of wizardry]

   It improves your spell success rate.
   It affects your strength (+3).
   It affects your dexterity (+4).
   It makes you less stealthy.
 I - an uncursed ring of stealth
 J - an uncursed amulet of regeneration
Wands
 c - a wand of acid (14)
 p - a wand of polymorph (13)
 D - a wand of enslavement (1)
 K - a wand of clouds (11)
 Q - a wand of iceblast (14)
 R - a wand of disintegration (12)
 S - a wand of paralysis (27)
 T - a wand of random effects (55)
 Y - a wand of flame (36)
Scrolls
 f - a scroll of fog
 k - 11 scrolls of teleportation
 m - 6 scrolls of enchant armour
 r - 17 scrolls of remove curse
 u - 2 scrolls of enchant weapon
 z - 7 scrolls of identify
 C - 4 scrolls of fear
 M - 2 scrolls of magic mapping
 V - 3 scrolls of blinking
Potions
 g - 9 potions of curing
 j - 3 potions of might
 l - 2 potions of flight {unknown}
 n - 3 potions of haste
 o - 3 potions of lignification
 q - a potion of heal wounds {unknown}
 w - a potion of ambrosia {unknown}
 G - 2 potions of invisibility {unknown}
 H - 2 potions of agility {unknown}
 W - a potion of cancellation {unknown}
 Z - a potion of brilliance {unknown}
Miscellaneous
 x - a fan of gales
 X - a phantom mirror
Comestibles
 d - 37 rations
 v - 2 chunks of flesh


   Skills:
 + Level 9.4 Fighting
 + Level 9.4 Short Blades
 + Level 9.4 Long Blades
 + Level 9.4 Axes
 + Level 9.4 Maces & Flails
 + Level 9.4 Polearms
 + Level 9.4 Staves
 + Level 9.4 Slings
 + Level 9.4 Bows
 + Level 9.4 Crossbows
 + Level 9.4 Throwing
 + Level 9.4 Armour
 + Level 10.4 Dodging
 + Level 10.2 Stealth
 + Level 9.4 Shields
 + Level 9.4 Unarmed Combat
 + Level 11.6 Spellcasting
 + Level 8.2 Conjurations
 + Level 7.8 Hexes
 + Level 7.8 Charms
 + Level 8.2 Summonings
 + Level 7.8 Necromancy
 + Level 8.2 Translocations
 + Level 7.8 Transmutations
 + Level 7.8 Fire Magic
 + Level 7.8 Ice Magic
 + Level 7.8 Air Magic
 + Level 7.8 Earth Magic
 + Level 7.8 Poison Magic
 + Level 10.2 Invocations
 + Level 9.4 Evocations


You had one spell level left.
You knew the following spells:

 Your Spells              Type           Power        Failure   Level  Hunger
a - Bolt of Magma         Conj/Fire/Erth ######....   3%          5    ####...
b - Borgnjor's Vile Clut  Necr/Erth      #####.....   3%          5    ####...
c - Iron Shot             Conj/Erth      ######....   17%         6    #####..
d - Lee's Rapid Deconstr  Erth           #####.....   3%          5    ####...
e - Conjure Flame         Conj/Fire      ######..     1%          3    None
f - Mephitic Cloud        Conj/Pois/Air  ######..     1%          3    None
g - Confuse               Hex            #####...     1%          3    None
h - Magic Dart            Conj           ####         1%          1    None
i - Blink                 Tloc           N/A          1%          2    None
j - Call Imp              Summ           ######..     1%          2    None

Your spell library contained the following spells:

 Spells                   Type           Power        Failure   Level  Hunger
 Apportation              Tloc           ######       1%          1    None
 Corona                   Hex            #####..      1%          1    None
 Sandblast                Erth           #####.       1%          1    None
 Ensorcelled Hibernation  Hex/Ice        #####.       1%          2    None
 Slow                     Hex            #####...     1%          2    None
 Throw Frost              Conj/Ice       ######       1%          2    None
 Dazzling Spray           Conj/Hex       ######       1%          3    None
 Stone Arrow              Conj/Erth      ######       1%          3    None
 Tukima's Dance           Hex            #####...     1%          3    None
 Force Lance              Conj/Tloc      ######..     1%          4    None
 Fulminant Prism          Conj/Hex       ######....   1%          4    None
 Leda's Liquefaction      Hex/Erth       #####.....   1%          4    None
 Throw Icicle             Conj/Ice       ######..     1%          4    None
 Summon Forest            Summ/Tloc      ######....   3%          5    ####...
 Statue Form              Tmut/Erth      #####....    19%         6    #####..
 Shatter                  Erth           #####.....   100%        9    #######


Dungeon Overview and Level Annotations

Branches:
Dungeon (11/15)            Temple (1/1) D:7            Lair (6/6) D:9
 Shoals (0/4) Lair:2        Snake (1/4) Lair:4        Slime (0/5) Lair:6
    Orc (2/2) D:10            Elf (0/3) Orc:2         Sewer (visited)

Altars:
Ashenzari
Cheibriados
Dithmenos
Elyvilon
Fedhas
Gozag
Hepliaklqana
Kikubaaqudgha
Makhleb
Nemelex Xobeh
Okawaru
Qazlal
Ru
Sif Muna
Uskayaw
Vehumet
Wu Jian
Xom
Yredelemnul
Zin
The Shining One
Beogh
Jiyva

Shops:
Orc:1 =   Orc:2 (([*

Annotations:
D:4 Sigmund
D:5 Menkaure
D:8 Gastronok and hell entrance !!! CAVE, exclusions: iron imp and 1 more exclusion, Gastronok
Lair:1 Fannar
Orc:1 2 runed translucent doors, exclusion: orange crystal statue


Innate Abilities, Weirdness & Mutations

Your experience applies equally to all skills.
You have very sharp teeth.
Your uncanny sense of smell can sniff out nearby items.


Message History

The black mamba closely misses you.
You feel yourself slow down. The black mamba misses you.
The black mamba completely misses you.
The black mamba bites you but does no damage.
The shock serpent shoots out a bolt of lightning at you!
The bolt of electricity hits you! You resist.
The black mamba completely misses you. The black mamba completely misses you.
You block the shock serpent's attack. The black mamba barely misses you.
The shock serpent bites you!
* * * LOW HITPOINT WARNING * * *
The shock serpent shocks you. You resist.
* * * LOW HITPOINT WARNING * * *
The black mamba bites you!
* * * LOW HITPOINT WARNING * * *
The shock serpent bites you!
* * * LOW HITPOINT WARNING * * *
The shock serpent shocks you. You resist.
You die...

#........)..##.. ######
####...........# #.
#####....####.##.(.........# #
###................(.........#
..........................####
.......##..........(.....##
......#########...(......###
......#########............###
...............S@(<............
...............S...(...........
...............................
....................###########
.....................####
.....................##.#########
.................................
..................[..............
....#######...........###........


You could see a shock serpent and a black mamba.

Vanquished Creatures
  Kirke (Lair:6)
  An orc warlord (Orc:2)
  6 dire elephants
  Snorg (Orc:1)
  Erolcha (D:9)
  5 hydras
  2 anacondas
  A queen ant (Lair:2)
  5 death yaks
  An orc high priest (Orc:2)
  2 naga sharpshooters (Snake:1)
  A shock serpent (Snake:1)
  A mana viper (Snake:1)
  3 orc sorcerers (Orc:2)
  3 orc knights
  3 cyclopes
  A merfolk siren (Lair:2)
  9 elephants
  6 black mambas
  12 spiny frogs
  A rime drake (Lair:4)
  5 komodo dragons
  2 trolls
  A merfolk (Lair:2)
  A polar bear (Lair:6)
  14 blink frogs
  5 hippogriffs
  5 wyverns
  A wraith (D:10)
  22 yaks
  3 basilisks
  2 hogs (Lair:6)
  A steam dragon (D:10)
  5 nagas
  2 wargs (Orc:2)
  The ghost of YannSP the Sneak, an amateur OpEn (D:3)
  Edmund (D:4)
  9 water moccasins
  8 soldier ants
  9 porcupines
  A black bear (D:10)
  2 ice beasts
  A sky beast (D:7)
  37 orc warriors
  A swamp drake (D:10)
  An eye of draining (D:10)
  2 phantoms (D:11)
  3 centaurs
  7 ogres
  8 crocodiles
  A big kobold (D:8)
  7 bullfrogs
  A water moccasin skeleton (D:11)
  11 killer bees
  12 wights
  An electric eel (Lair:5)
  2 howler monkeys
  A centaur zombie (D:6)
  4 crimson imps
  3 jellies (D:9)
  A centaur skeleton (D:4)
  4 hounds
  26 orc wizards
  Crazy Yiuf (D:5)
  22 orc priests
  5 bullfrog skeletons
  6 iguanas
  32 worker ants
  3 hound skeletons
  2 howler monkey skeletons
  3 gnolls (Orc:2)
  2 river rats (D:4)
  16 adders
  5 oozes (D:9)
  3 adder zombies
  An adder skeleton (D:9)
  3 worms
  4 dart slugs
  3 leopard geckos
  112 orcs
  4 giant cockroaches
  10 goblins
  11 hobgoblins
  16 jackals
  7 quokkas
  A bat (D:3)
  6 frilled lizards
  A jackal skeleton (D:8)
  15 kobolds
  30 rats
  4 plants
628 creatures vanquished.

Vanquished Creatures (collateral kills)
  A crocodile (Sewer)
  A bullfrog (D:5)
  A killer bee (D:11)
  Terence (D:3)
  A river rat (D:4)
  A rat (D:4)
6 creatures vanquished.

Vanquished Creatures (others)
  4 humans (Lair:6)
  7 fungi
  5 plants
16 creatures vanquished.

Grand Total: 650 creatures vanquished

Notes
Turn   | Place    | Note
-------+----------+-------------------------------------------
     0 | D:1      | Sery3mCrawl the Gnoll Wizard began the quest for the Orb.
     0 | D:1      | Reached XP level 1. HP: 13/13 MP: 8/8
   384 | D:1      | Reached XP level 2. HP: 19/19 MP: 8/10
   389 | D:1      | Learned a level 2 spell: Call Imp
   392 | D:1      | Learned a level 2 spell: Blink
   937 | D:2      | Reached XP level 3. HP: 25/25 MP: 2/11
  1042 | D:2      | Learned a level 3 spell: Conjure Flame
  1046 | D:2      | Learned a level 3 spell: Mephitic Cloud
  1086 | D:2      | Reached skill level 1 in Invocations
  1279 | D:2      | Reached skill level 1 in Fighting
  1279 | D:2      | Reached skill level 1 in Short Blades
  1279 | D:2      | Reached skill level 1 in Long Blades
  1279 | D:2      | Reached skill level 1 in Axes
  1279 | D:2      | Reached skill level 1 in Maces & Flails
  1279 | D:2      | Reached skill level 1 in Polearms
  1279 | D:2      | Reached skill level 1 in Staves
  1279 | D:2      | Reached skill level 1 in Slings
  1279 | D:2      | Reached skill level 1 in Bows
  1279 | D:2      | Reached skill level 1 in Crossbows
  1279 | D:2      | Reached skill level 1 in Throwing
  1279 | D:2      | Reached skill level 1 in Armour
  1279 | D:2      | Reached skill level 1 in Shields
  1279 | D:2      | Reached skill level 1 in Unarmed Combat
  1279 | D:2      | Reached skill level 1 in Evocations
  1279 | D:2      | Reached XP level 4. HP: 32/32 MP: 8/13
  1737 | D:2      | Found a snail-covered altar of Cheibriados.
  1754 | D:2      | Reached skill level 1 in Hexes
  1754 | D:2      | Reached skill level 1 in Charms
  1754 | D:2      | Reached skill level 1 in Necromancy
  1754 | D:2      | Reached skill level 1 in Transmutations
  1754 | D:2      | Reached skill level 1 in Fire Magic
  1754 | D:2      | Reached skill level 1 in Ice Magic
  1754 | D:2      | Reached skill level 1 in Air Magic
  1754 | D:2      | Reached skill level 1 in Earth Magic
  1754 | D:2      | Reached skill level 1 in Poison Magic
  2424 | D:3      | Reached XP level 5. HP: 37/37 MP: 12/14
  2685 | D:3      | Found a runed translucent door.
  2685 | D:3      | Noticed YannSP's ghost (amateur OpEn)
  2702 | D:3      | Killed YannSP's ghost
  2809 | D:3      | Noticed Terence
  2821 | D:3      | Killed Terence
  2912 | D:3      | Reached XP level 6. HP: 44/44 MP: 3/16
  3129 | D:3      | Found an ancient bone altar of Kikubaaqudgha.
  3509 | D:4      | Reached skill level 5 in Dodging
  3731 | D:4      | Reached XP level 7. HP: 50/50 MP: 12/18
  3771 | D:4      | Got a smoking dagger
  3810 | D:4      | Found a glowing drain.
  3884 | Sewer    | Entered a sewer
  3947 | Sewer    | Identified the +9 dagger of Red Wine {pierce, Int+7} (You
                  | found it on level 4 of the Dungeon)
  4291 | D:4      | Noticed Edmund
  4307 | D:4      | Killed Edmund
  4307 | D:4      | Reached skill level 5 in Stealth
  4763 | D:4      | Noticed Sigmund
  5169 | D:4      | Found an ornate altar of the Wu Jian Council.
  5290 | D:5      | Entered Level 5 of the Dungeon
  5348 | D:5      | Got a heavily runed copper ring
  5349 | D:5      | Identified the ring of Karhi {Wiz Str+3 Dex+4 Stlth-} (You
                  | found it on level 5 of the Dungeon)
  5392 | D:5      | Reached XP level 8. HP: 57/57 MP: 15/19
  5440 | D:5      | Noticed Menkaure
  5572 | D:5      | Found a runed translucent door.
  5573 | D:5      | Noticed Crazy Yiuf
  5745 | D:5      | Found a burning altar of Makhleb.
  5745 | D:5      | Found a shadowy altar of Dithmenos.
  6031 | D:5      | Killed Crazy Yiuf
  6038 | D:5      | Got a crystal mace
  6039 | D:5      | Identified the +2 mace "Miunk" {speed, Str+2 SInv} (You
                  | found it on level 5 of the Dungeon)
  6258 | D:6      | Reached skill level 8 in Spellcasting
  6465 | D:6      | Found a shimmering altar of Xom.
  6514 | D:6      | Got a distressingly furry ring mail
  6524 | D:6      | Identified the +3 ring mail of Grace {rElec rF+ Dex+2
                  | Slay+5} (You found it on level 6 of the Dungeon)
  6717 | D:7      | Found a staircase to the Ecumenical Temple.
  6848 | D:7      | Reached XP level 9. HP: 65/65 MP: 12/21
  7075 | Temple   | Entered the Ecumenical Temple
  7114 | Temple   | Became a worshipper of Warmaster Okawaru
  8397 | D:8      | Noticed a rust devil
  8398 | D:8      | Noticed a hell beast
  8402 | D:8      | Noticed Gastronok
  8577 | D:8      | Found a hide-covered altar of Uskayaw.
  8588 | D:8      | Got an ancient long sword
  8588 | D:8      | Identified the +4 long sword "Fyuta" {flame, *Rage MR++
                  | Int+4} (You found it on level 8 of the Dungeon)
  8603 | D:8      | Found a basalt altar of Yredelemnul.
  8604 | D:8      | Noticed an orange demon
  8857 | D:9      | Reached * piety under Okawaru
  8892 | D:9      | Found a stormy altar of Qazlal.
  8921 | D:9      | Reached skill level 5 in Invocations
  9121 | D:9      | Found a staircase to the Lair.
  9143 | D:9      | Noticed Erolcha
  9276 | D:9      | Got an ancient leather armour
  9286 | D:9      | Identified the +0 leather armour of the Monk {*Corrode +Inv
                  | Int+3} (You found it on level 9 of the Dungeon)
  9350 | D:9      | Reached XP level 10. HP: 73/73 MP: 22/22
  9358 | D:9      | Found a radiant altar of Vehumet.
  9572 | D:10     | Entered Level 10 of the Dungeon
  9843 | D:10     | Reached skill level 5 in Fighting
  9843 | D:10     | Reached skill level 5 in Short Blades
  9843 | D:10     | Reached skill level 5 in Long Blades
  9843 | D:10     | Reached skill level 5 in Axes
  9843 | D:10     | Reached skill level 5 in Maces & Flails
  9843 | D:10     | Reached skill level 5 in Polearms
  9843 | D:10     | Reached skill level 5 in Staves
  9843 | D:10     | Reached skill level 5 in Slings
  9843 | D:10     | Reached skill level 5 in Bows
  9843 | D:10     | Reached skill level 5 in Crossbows
  9843 | D:10     | Reached skill level 5 in Throwing
  9843 | D:10     | Reached skill level 5 in Armour
  9843 | D:10     | Reached skill level 5 in Shields
  9843 | D:10     | Reached skill level 5 in Unarmed Combat
  9843 | D:10     | Reached skill level 5 in Evocations
  9861 | D:10     | Reached ** piety under Okawaru
  9906 | D:10     | Noticed a cyclops
 10202 | D:10     | Killed a cyclops
 10428 | D:10     | Reached skill level 9 in Spellcasting
 10710 | D:10     | Reached *** piety under Okawaru
 10778 | D:10     | Reached skill level 5 in Conjurations
 10778 | D:10     | Reached skill level 5 in Summonings
 10778 | D:10     | Reached skill level 5 in Translocations
 10913 | D:10     | Found a staircase to the Orcish Mines.
 11461 | D:11     | Reached XP level 11. HP: 67/81 MP: 22/24
 11529 | D:11     | Reached **** piety under Okawaru
 12370 | Lair:1   | Entered Level 1 of the Lair of Beasts
 12453 | D:9      | Reached skill level 5 in Hexes
 12453 | D:9      | Reached skill level 5 in Charms
 12453 | D:9      | Reached skill level 5 in Necromancy
 12453 | D:9      | Reached skill level 5 in Transmutations
 12453 | D:9      | Reached skill level 5 in Fire Magic
 12453 | D:9      | Reached skill level 5 in Ice Magic
 12453 | D:9      | Reached skill level 5 in Air Magic
 12453 | D:9      | Reached skill level 5 in Earth Magic
 12453 | D:9      | Reached skill level 5 in Poison Magic
 12656 | Lair:1   | Reached ***** piety under Okawaru
 12715 | Lair:1   | Noticed a five-headed hydra
 12724 | Lair:1   | Killed a three-headed hydra
 12782 | Lair:1   | Received a gift from Okawaru
 12995 | Lair:1   | You fall into a shaft and drop 1 floor!
 13120 | Lair:2   | Noticed a four-headed hydra
 13166 | Lair:1   | Noticed Fannar
 13724 | D:9      | Killed Erolcha
 13969 | Orc:1    | Entered Level 1 of the Orcish Mines
 14110 | Orc:1    | Reached XP level 12. HP: 78/89 MP: 19/25
 14182 | Orc:1    | Found a runed translucent door.
 14188 | Orc:1    | Found the +10 large shield of Ignorance {rN+ Int-4}
 14327 | Orc:1    | Found Gyggaa's Jewellery Shoppe.
 14333 | Orc:1    | Noticed Snorg
 14350 | Orc:1    | Killed Snorg
 14529 | Orc:1    | Reached skill level 10 in Spellcasting
 14693 | Orc:1    | Found a runed translucent door.
 14737 | Orc:2    | Entered Level 2 of the Orcish Mines
 14941 | Orc:2    | Found a roughly hewn altar of Beogh.
 14992 | Orc:2    | Found a staircase to the Elven Halls.
 15157 | Orc:2    | Found a roughly hewn altar of Beogh.
 15211 | Orc:2    | Found Gehyot's Antique Weapon Shop.
 15595 | Orc:2    | Received a gift from Okawaru
 15629 | Orc:2    | Got a pitted dagger {god gift}
 15629 | Orc:2    | Identified the +2 dagger "Aguori" {pierce, Dex+6} (Okawaru
                  | gifted it to you on level 2 of the Orcish Mines)
 15833 | Orc:2    | Reached ****** piety under Okawaru
 15867 | Orc:2    | Noticed an orc high priest
 15875 | Orc:2    | Killed an orc high priest
 15902 | Orc:2    | Found a roughly hewn altar of Beogh.
 15982 | Orc:2    | Found a roughly hewn altar of Beogh.
 16109 | Orc:2    | Found a roughly hewn altar of Beogh.
 16126 | Orc:2    | Found Vaxio's General Store.
 16160 | Orc:2    | Noticed an orc warlord
 16190 | Orc:2    | Killed an orc warlord
 16215 | Orc:2    | Found Lasiud's Antique Armour Emporium.
 16419 | Orc:2    | Found a roughly hewn altar of Beogh.
 16428 | Orc:2    | Found Vudwachu's Antique Weapon Shoppe.
 16438 | Orc:2    | Reached XP level 13. HP: 81/98 MP: 22/27
 16634 | Orc:2    | Found a roughly hewn altar of Beogh.
 16880 | Orc:2    | Bought an iridescent long sword for 246 gold pieces
 16880 | Orc:2    | Identified the +7 long sword "Qimox" {slice, rC+ MR+ Str-4
                  | Stlth+} (You bought it in a shop on level 2 of the Orcish
                  | Mines)
 16932 | Orc:1    | Bought a +3 amulet of reflection for 204 gold pieces
 17322 | Lair:2   | Found a staircase to the Shoals.
 17328 | Lair:2   | Received a gift from Okawaru
 18491 | Lair:2   | Received a gift from Okawaru
 19565 | Lair:4   | Found a staircase to the Snake Pit.
 19845 | Lair:4   | Received a gift from Okawaru
 20250 | Lair:4   | Got an ichor-stained helmet {god gift}
 20260 | Lair:4   | Identified the -2 helmet "Igif" {rC+ Dex+7 Stlth+} (Okawaru
                  | gifted it to you on level 4 of the Lair of Beasts)
 21021 | Lair:5   | Reached skill level 11 in Spellcasting
 21593 | Lair:5   | Reached XP level 14. HP: 106/106 MP: 29/29
 22031 | Lair:5   | Noticed a dire elephant
 22076 | Lair:5   | Killed a dire elephant
 22076 | Lair:5   | Received a gift from Okawaru
 22632 | Lair:6   | Entered Level 6 of the Lair of Beasts
 22640 | Lair:6   | Reached skill level 10 in Dodging
 22692 | Lair:6   | Noticed Kirke
 22737 | Lair:6   | Killed Kirke
 23163 | Lair:6   | Found a staircase to the Slime Pits.
 23164 | Lair:6   | Found a viscous altar of Jiyva.
 23750 | Lair:6   | Reached skill level 10 in Stealth
 23798 | Lair:6   | Noticed a dire elephant
 23829 | Lair:6   | Killed a dire elephant
 24083 | Lair:6   | Noticed a dire elephant
 24117 | Lair:6   | Killed a dire elephant
 24641 | Lair:6   | Noticed a dire elephant
 24641 | Lair:6   | Noticed a dire elephant
 24656 | Lair:6   | Killed a dire elephant
 24698 | Lair:6   | Killed a dire elephant
 24698 | Lair:6   | Reached skill level 10 in Invocations
 24733 | Lair:6   | Identified the Grimoire of Earthen Displacement
 24752 | Lair:6   | Learned a level 5 spell: Bolt of Magma
 24758 | Lair:6   | Learned a level 5 spell: Lee's Rapid Deconstruction
 24771 | Lair:6   | Noticed a dire elephant
 24791 | Lair:6   | Killed a dire elephant
 25563 | Snake:1  | Entered Level 1 of the Snake Pit
 25692 | Snake:1  | Learned a level 3 spell: Confuse
 25832 | Lair:4   | Received a gift from Okawaru
 25985 | Lair:4   | Learned a level 6 spell: Iron Shot
 25986 | Lair:4   | Identified a scroll of acquirement
 25986 | Lair:4   | Identified the Handbook of the Harmful Rocks (You acquired
                  | it on level 4 of the Lair of Beasts)
 25996 | Lair:4   | Learned a level 5 spell: Borgnjor's Vile Clutch
 26414 | Snake:1  | HP: 3/108 [shock serpent (14)]
 26414 | Snake:1  | Slain by a shock serpent

Levels and vault maps discovered:
D:1:      giann_horns, layout_basic
D:2:      layout_basic, lemuel_crystal_altar, first_ration, minmay_rat_hole
D:3:      layout_loops_ring, kiku_gazebo_garden_becter, gammafunk_ghost_grave,
          uniq_terence
D:4:      layout_loops_corners, nicolae_overflow_hidden_temple,
          portal_sewer_entry_e, minivault_24, wad_floor_pattern_1, uniq_sigmund,
          uniq_edmund
D:5:      layout_rooms, tgw_trog, gammafunk_temple_overflow_statue,
          chequers_serial_rivers_room_a, uniq_crazy_yiuf_cottage, uniq_menkaure
D:6:      layout_rooms, xom_teletrap_fun
D:7:      layout_loops_corners, temple_fountains, minmay_misc_feat_chi
D:8:      layout_basic, eat_drink_and_be_merry_uskayaw, lemuel_hellish_altar,
          uniq_gastronok
D:9:      layout_long_grid, vehumet_crystals, nicolae_qazlal_eye_of_the_storm,
          lair_entry_dummy, hangedman_little_slice_of_home, uniq_erolcha
D:10:     layout_stronghold, erik_orc_1, minmay_sticks_and_stones
D:11:     layout_small_grid
Temple:   nicolae_temple_god_jail
Lair:1:   layout_misc_corridors, beast_lair_carwin_11, uniq_fannar
Lair:2:   layout_loops_ring, elwin_shoals_entry_rooms
Lair:3:   layout_cave_pods, zaba_antful_of_joy
Lair:4:   layout_regular_city, guppyfry_snake_entry_island
Lair:5:   beast_lair_carwin_large_2, layout_regular_city, grunt_megastairs_5,
          infiniplex_staircase_pool
Lair:6:   due_jungle_book, layout_concentric_octagons, slime_altar_1,
          hibernation_bobbens, uniq_kirke
Snake:1:  layout_onion
Orc:1:    layout_diamond_mine, serial_shops,
          nicolae_shop_competitors_out_of_business,
          chequers_guarded_unrand_ignorance, uniq_snorg
Orc:2:    grunt_orc_community_town_hall, layout_diamond_mine,
          grunt_orc_community_big_house_2, grunt_orc_community_big_house_2,
          grunt_orc_community_house_2, grunt_orc_community_house_3,
          grunt_orc_community_house_1, grunt_orc_community_house_3,
          grunt_orc_community_house_1, grunt_orc_community_house_3

Skill      XL: |  1  2  3  4  5  6  7  8  9 10 11 12 13 14 |
---------------+-------------------------------------------+-----
Conjurations   | 2 3 4 5 6 7 8 |  8.2
Summonings     | 2 3 4 5 6 7 8 |  8.2
Translocations | 2 3 4 5 6 7 8 |  8.2
Invocations    | 1 2 3 4 5 6 7 8 9 10 | 10.2
Fighting       | 1 2 3 4 5 6 7 8 9 |  9.4
Short Blades   | 1 2 3 4 5 6 7 8 9 |  9.4
Long Blades    | 1 2 3 4 5 6 7 8 9 |  9.4
Axes           | 1 2 3 4 5 6 7 8 9 |  9.4
Maces & Flails | 1 2 3 4 5 6 7 8 9 |  9.4
Polearms       | 1 2 3 4 5 6 7 8 9 |  9.4
Staves         | 1 2 3 4 5 6 7 8 9 |  9.4
Slings         | 1 2 3 4 5 6 7 8 9 |  9.4
Bows           | 1 2 3 4 5 6 7 8 9 |  9.4
Crossbows      | 1 2 3 4 5 6 7 8 9 |  9.4
Throwing       | 1 2 3 4 5 6 7 8 9 |  9.4
Armour         | 1 2 3 4 5 6 7 8 9 |  9.4
Shields        | 1 2 3 4 5 6 7 8 9 |  9.4
Unarmed Combat | 1 2 3 4 5 6 7 8 9 |  9.4
Evocations     | 1 2 3 4 5 6 7 8 9 |  9.4
Hexes          | 1 2 3 4 5 6 7 |  7.8
Charms         | 1 2 3 4 5 6 7 |  7.8
Necromancy     | 1 2 3 4 5 6 7 |  7.8
Transmutations | 1 2 3 4 5 6 7 |  7.8
Fire Magic     | 1 2 3 4 5 6 7 |  7.8
Ice Magic      | 1 2 3 4 5 6 7 |  7.8
Air Magic      | 1 2 3 4 5 6 7 |  7.8
Earth Magic    | 1 2 3 4 5 6 7 |  7.8
Poison Magic   | 1 2 3 4 5 6 7 |  7.8
Dodging        | 5 6 7 8 9 10 | 10.4
Stealth        | 5 6 7 8 9 10 | 10.2
Spellcasting   | 8 9 10 11 | 11.6

Action                   |  1- 3 |  4- 6 |  7- 9 | 10-12 | 13-15 || total
-------------------------+-------+-------+-------+-------+-------++-------
Melee: Dagger            |     3 |    62 |   214 |   277 |   543 ||  1099
       Bite              |       |     4 |    13 |    48 |    96 ||   161
       Punch             |       |       |     4 |    19 |    38 ||    61
       Long sword        |       |       |     9 |    38 |    30 ||    77
       Mace              |       |       |     7 |       |       ||     7
 Fire: Hunting sling     |       |       |    36 |   437 |   119 ||   592
Throw: Stone             |       |     5 |     5 |    37 |       ||    47
 Cast: Magic Dart        |    74 |   129 |    83 |    63 |    39 ||   388
       Call Imp          |       |     9 |     9 |    10 |     1 ||    29
       Mephitic Cloud    |       |     8 |    27 |    69 |    29 ||   133
       Conjure Flame     |       |     3 |    13 |    25 |    18 ||    59
       Blink             |       |       |     1 |     6 |    17 ||    24
       Lee's Rapid Decon |       |       |       |       |     5 ||     5
       Bolt of Magma     |       |       |       |       |     4 ||     4
       Iron Shot         |       |       |       |       |     4 ||     4
       Borgnjor's Vile C |       |       |       |       |     2 ||     2
       Confuse           |       |       |       |       |     1 ||     1
Invok: Heroism           |       |       |       |     1 |     4 ||     5
       Finesse           |       |       |       |       |     2 ||     2
Evoke: Wand              |       |       |     2 |     4 |    14 ||    20
  Use: Scroll            |       |     8 |     2 |     9 |     3 ||    22
       Potion            |       |       |       |       |     1 ||     1
 Stab: Confused          |       |     4 |    10 |    25 |    19 ||    58
       Sleeping          |       |     2 |    12 |     3 |     7 ||    24
       Distracted        |       |       |       |     1 |       ||     1
  Eat: Chunk             |     1 |     7 |    11 |    21 |    23 ||    63
       Ration            |       |       |     2 |       |     3 ||     5
Armor: Robe              |     3 |    11 |     3 |       |       ||    17
       Leather armour    |       |       |     7 |       |       ||     7
       Ring mail         |       |       |    27 |    76 |   121 ||   224
Dodge: Dodged            |     5 |    44 |   154 |   236 |   349 ||   788
       Deflected         |       |       |       |       |     7 ||     7
Block: Other             |       |       |       |       |    33 ||    33
       Rpst.: Long sword |       |       |     3 |     4 |     8 ||    15
